 Dungeon Crawl Stone Soup version 0.21-a0-351-g38363bb (webtiles) character file.

100 xomor the Gusty (level 4, -9/24 HPs)
             Began as a Tengu Air Elementalist on Oct 9, 2017.
             Was an Initiate of Vehumet.
             Killed by divine providence
             ... invoked by an orc priest
              (11 damage)
             ... on level 4 of the Dungeon.
             The game lasted 00:11:35 (3541 turns).

xomor the Gusty (Tengu Air Elementalist)            Turns: 3541, Time: 00:11:36

Health: -9/24      AC:  5    Str:  5 (8)  XL:     4   Next: 73%
Magic:  8/8        EV: 12    Int: 14 (15) God:    Vehumet [......]
Gold:   130        SH:  0    Dex: 12 (14) Spells: 4/7 levels left

rFire    . . .     SeeInvis .   A - +0 trident
rCold    + + .     Gourm    +   (no shield)
rNeg     . . .     Faith    .   a - +0 robe
rPois    .         Spirit   .   (helmet restricted)
rElec    .         Reflect  .   (no cloak)
rCorr    .         Harm     .   t - +2 pair of gloves
MR       .....                  (boots unavailable)
Stlth    ++........             p - amulet of the gourmand
HPRegen  0.00/turn              (no ring)
MPRegen  0.11/turn              (no ring)

@: lethally poisoned (-9 -> -13), about to teleport
A: beak, talons 3, cold resistance 2, dopey 1, inhibited regeneration
a: Renounce Religion


You were on level 4 of the Dungeon.
You worshipped Vehumet.
Vehumet was noncommittal.
You were not hungry.

You visited 2 branches of the dungeon, and saw 5 of its levels.

You collected 130 gold pieces.

Inventory:

Hand Weapons
 l - a +0 hunting sling
 y - a +3 hand axe
 A - a +0 trident (weapon)
Missiles
 i - 118 stones (quivered)
 n - a throwing net
Armour
 a - a +0 robe (worn)
 t - a +2 pair of gloves (worn)
Jewellery
 e - an uncursed ring of resist corrosion {unknown}
 p - an amulet of the gourmand (around neck)
Wands
 r - a wand of paralysis (15/24)
Scrolls
 c - a scroll of blinking {unknown}
 f - 2 scrolls of fear {unknown}
 j - 2 scrolls of fog {unknown}
 o - 3 scrolls of remove curse {unknown}
 q - 2 scrolls of teleportation
 z - a scroll of identify
Potions
 h - a potion of heal wounds
 k - a potion of curing
 s - a potion of degeneration
 u - a potion of magic {unknown}
 v - a potion of haste {unknown}
 w - a potion of flight {unknown}
Books
 b - a book of Air

   Spells                             Type                      Level
   a - Shock                          Conjuration/Air              1
   b - Swiftness                      Charms/Air                   2
   c - Static Discharge               Conjuration/Air              3
   d - Airstrike                      Air                          4
   e - Lightning Bolt                 Conjuration/Air              5
 d - a book of Misfortune

   Spells                             Type                      Level
   a - Confusing Touch                Hexes                        1
   b - Confuse                        Hexes                        3
   c - Gell's Gravitas                Translocation                3
   d - Petrify                        Transmutation/Earth          4
   e - Metabolic Englaciation         Hexes/Ice                    5
   f - Yara's Violent Unravelling     Hexes/Transmutation          5
Comestibles
 g - 2 bread rations
 m - a royal jelly
 x - a meat ration


   Skills:
 + Level 0.6 Polearms
 - Level 0.2 Slings
 - Level 2.1 Dodging
 - Level 2.0 Stealth
 + Level 2.4 Spellcasting
 * Level 3.0 Conjurations
 * Level 5.9 Air Magic


You had 4 spell levels left.
You knew the following spells:

 Your Spells              Type           Power        Failure   Level  Hunger
a - Shock                 Conj/Air       ##..         3%          1    #......
b - Swiftness             Chrm/Air       #.......     11%         2    ###....


Dungeon Overview and Level Annotations

Branches:
Dungeon (4/15)             Temple (1/1) D:4

Altars:
Ashenzari
Cheibriados
Dithmenos
Gozag
Hepliaklqana
Kikubaaqudgha
Makhleb
Uskayaw
Vehumet
Xom
Zin

Annotations:
D:4 Eustachio


Innate Abilities, Weirdness & Mutations

You have a beak for a mouth.
You have claws for feet.
Your flesh is very cold resistant. (rC++)
You are dopey. (Int -2)
You do not regenerate when monsters are visible.


Message History

An orc and an orc priest come into view.
The orc shouts!
The orc priest shouts!
You hit the worker ant but do no damage.
You claw the worker ant, but do no damage.
The worker ant closely misses you. The giant cockroach closely misses you.
The orc priest miscasts a cantrip.
The orc priest calls down the wrath of Beogh upon you.
Beogh smites you!
Ouch! That really hurt!
* * * LOW HITPOINT WARNING * * *
The worker ant bites you but does no damage.
As you read the scroll of teleportation, it crumbles to dust.
You feel strangely unstable.
* * * LOW HITPOINT WARNING * * *
You feel sick. The giant cockroach closely misses you.
The worker ant misses you.
The giant cockroach bites you but does no damage.
The orc priest invokes the aid of Beogh against you.
Beogh smites you!
You die...

#......#####⌠.⌠#####
#......# #######
###'#### ###.###
#....# #.# #....###
#.# #......# ..#
#......# .##
#######'#######
.......@.......
#.##.(s.......#
#...@ao.....#
#....oo.....#
#........!...
#........o...
#.#..........
#.#........o. #
#..........


You could see Eustachio, a worker ant, 2 orc priests, 3 orcs and a giant
cockroach.

Vanquished Creatures
  A worker ant (D:4)
  3 adders
  A worm (D:2)
  A leopard gecko (D:2)
  4 orcs (D:4)
  2 ball pythons (D:1)
  A giant cockroach (D:2)
  6 goblins
  4 hobgoblins
  4 jackals (D:1)
  2 bats
  2 frilled lizards
  2 kobolds
  8 rats
41 creatures vanquished.

Notes
Turn   | Place    | Note
-------+----------+-------------------------------------------
     0 | D:1      | xomor the Tengu Air Elementalist began the quest for the Orb.
     0 | D:1      | Reached XP level 1. HP: 10/10 MP: 4/4
   264 | D:1      | Reached XP level 2. HP: 14/15 MP: 0/6
   561 | D:2      | Learned a level 2 spell: Swiftness
   840 | D:2      | Reached skill level 5 in Air Magic
   871 | D:2      | Reached XP level 3. HP: 19/19 MP: 7/7
   992 | D:2      | Gained mutation: Your flesh is cold resistant. (rC+) [potion of mutation]
   992 | D:2      | Gained mutation: You are dopey. (Int -2) [potion of mutation]
   992 | D:2      | Gained mutation: You do not regenerate when monsters are visible. [potion of mutation]
   992 | D:2      | Gained mutation: Your flesh is very cold resistant. (rC++) [potion of mutation]
  1165 | D:2      | Found a faded altar of an unknown god.
  2474 | D:3      | Reached XP level 4. HP: 22/24 MP: 8/8
  3246 | D:4      | Found a snail-covered altar of Cheibriados.
  3317 | D:4      | Found a staircase to the Ecumenical Temple.
  3322 | Temple   | Entered the Ecumenical Temple
  3448 | Temple   | Became a worshipper of Vehumet
  3536 | D:4      | Noticed Eustachio
  3541 | D:4      | Killed from afar by an orc priest

Vault maps used:
D:1:      dpeg_arrival_ratfight, serial_park_tiny_1, serial_bayou_ford_a,
          palyth_stone_intersect
D:2:      chequers_ecumenical_altar_simple_redux, minivault_27
D:3:      first_bread
D:4:      kennysheep_little_box, gammafunk_temple_overflow_pools,
          temple_doors_e, uniq_eustachio, uniq_grinder
Temple:   bh_familiar_temple

Skill      XL: |  1  2  3  4 |
---------------+-------------+-----
Conjurations   | 2 3 |  3.0
Air Magic      | 5 |  5.9
Polearms       | |  0.6
Slings         | |  0.2
Dodging        | |  2.1
Stealth        | |  2.0
Spellcasting   | |  2.4

Action                   |  1- 3 |  4- 6 || total
-------------------------+-------+-------++-------
Melee: Unarmed           |    20 |       ||    20
       Kick              |     5 |     4 ||     9
       Peck              |     2 |     2 ||     4
       Short sword       |     3 |       ||     3
       Spear             |     6 |    21 ||    27
       Dagger            |     1 |       ||     1
       Trident           |       |     3 ||     3
 Fire: Hunting sling     |    54 |    11 ||    65
 Cast: Shock             |    23 |     5 ||    28
       Swiftness         |     1 |     1 ||     2
  Use: Potion            |     6 |     1 ||     7
       Scroll            |     4 |     2 ||     6
  Eat: Chunk             |     4 |     4 ||     8
       Bread ration      |     1 |       ||     1
Armor: Robe              |    19 |    19 ||    38
       Skin              |     3 |       ||     3
Dodge: Dodged            |    48 |    24 ||    72

Table legend:
 A = Spawn XP
 B = Non-spawn XP
 C = Spawn XP percentage of total XP
 D = Spawn monster count
 E = Non-spawn monster count
 F = Spawn count percentage of total count
 G = Total turns spent on level
                    A         B        C        D         E        F      G
               +---------+---------+-------+---------+---------+-------+---------
         Total |       0 |     143 |   0.0 |       0 |      41 |   0.0 |  3541
               +---------+---------+-------+---------+---------+-------+---------
           D:1 |       0 |      23 |   0.0 |       0 |      15 |   0.0 |   551
           D:2 |       0 |      51 |   0.0 |       0 |      14 |   0.0 |  1491
           D:3 |       0 |      23 |   0.0 |       0 |       7 |   0.0 |  1076
           D:4 |       0 |      46 |   0.0 |       0 |       5 |   0.0 |   270
               +---------+---------+-------+---------+---------+-------+---------
